 Dungeon Crawl Stone Soup version 0.32-a0-22-g6ae6769602 (webtiles) character file.

Game seed: 4272306650444905671

39 IdlyInterested the Sneak (level 3, 0/27 HPs)
             Began as a Demonspawn Brigand on Jan 18, 2024.
             Slain by a bombardier beetle (2 damage)
             ... on level 2 of the Dungeon.
             The game lasted 00:03:47 (1024 turns).

IdlyInterested the Sneak (Demonspawn Brigand)       Turns: 1024, Time: 00:03:48

Health: 0/27       AC: 10    Str: 10    XL:     3   Next: 28%
Magic:  3/3        EV: 12    Int: 11    God:
Gold:   133        SH:  4    Dex: 14    Spells: 2/2 levels left

rFire   + . .        s - +3 dagger
rCold   + . .        o - +0 buckler "Jaubac" {Rampage rCorr Str-3}
rNeg    + . .        b - +0 scale mail
rPois   +            (no helmet)
rElec   +            c - +0 cloak
rCorr   +            n - +0 pair of gloves
SInv    .            (no boots)
Will    .....        (no amulet)
Stlth   +            k - ring of positive energy
HPRegen 0.24/turn    r - +5 ring of evasion
MPRegen 0.08/turn

%: rampage
@: on fire, resistant, glowing
A: thin metallic scales 1
a: no special abilities


You were on level 2 of the Dungeon.
You visited 1 branch of the dungeon, and saw 2 of its levels.

You collected 133 gold pieces.

Inventory:

Hand Weapons
 h - a +0 short sword
 s - a +3 dagger (weapon)
Missiles
 d - 9 poisoned darts (quivered)
 e - 3 curare-tipped darts
 g - 5 boomerangs
 i - 22 stones
Armour
 b - a +0 scale mail (worn)
 c - a +0 cloak (worn)
 n - a +0 pair of gloves (worn)
 o - the +0 buckler "Jaubac" (worn) {Rampage rCorr Str-3}
   (You found it on level 2 of the Dungeon)

   Str-3:     It affects your strength (-3).
   rCorr:     It protects you from acid and corrosion.
   Rampage:   It bestows one free step when moving towards enemies.
Magical Staves
 a - a staff of cold
Jewellery
 f - a ring of fire
 k - a ring of positive energy (left hand)
 r - a +5 ring of evasion (right hand)
Scrolls
 p - a scroll of identify {unknown}
 q - a scroll of poison {unknown}
Potions
 j - a potion of resistance
 l - a potion of enlightenment {unknown}
 m - a potion of attraction {unknown}


   Skills:
 - Level 2.0 Fighting
 + Level 3.1 Short Blades
 - Level 1.7 Throwing
 - Level 1.0 Armour
 - Level 1.0 Dodging
 - Level 3.6 Stealth


You had 2 spell levels left.
You didn't know any spells.
Your spell library contained the following spells:

 Spells                   Type           Power      Damage    Failure   Level
 Lesser Beckoning         Tloc           0%         N/A       99%         2
 Gell's Gravitas          Tloc           0%         N/A       100%        3
 Teleport Other           Tloc           0%         N/A       100%        3


Dungeon Overview and Level Annotations

Branches:
Dungeon (2/15)

Altars:


Innate Abilities, Weirdness & Mutations

You are partially covered in thin metallic scales. (AC +2)


Message History

The bombardier beetle bites you.
You hit the bombardier beetle but do no damage.
The bombardier beetle is lightly wounded.
You hit the bombardier beetle but do no damage.
The bombardier beetle is lightly wounded.
The bombardier beetle sprays incendiary fluid at you.
The burning spray hits you.
You are covered in liquid fire!
You shake off some of the fire as you move.
The liquid fire burns you!
You shake off the liquid fire.
The bombardier beetle closely misses you.
You hit the bombardier beetle but do no damage.
The bombardier beetle is lightly wounded.
You hit the bombardier beetle.
The bombardier beetle is lightly wounded.
The bombardier beetle sprays incendiary fluid at you.
The burning spray hits you.
You are covered in liquid fire!
You closely miss the bombardier beetle.
The bombardier beetle is lightly wounded.
The liquid fire burns you!
The bombardier beetle sprays incendiary fluid at you.
The burning spray misses you.
You shake off some of the fire as you move.
The liquid fire burns you!
You shake off some of the fire as you move.
The liquid fire burns you!
* * * LOW HITPOINT WARNING * * *
The bombardier beetle completely misses you.
You hit the bombardier beetle but do no damage.
The bombardier beetle is lightly wounded.
The liquid fire burns you!
* * * LOW HITPOINT WARNING * * *
It was a potion of resistance.
You feel protected. The liquid fire burns you!
* * * LOW HITPOINT WARNING * * *
The bombardier beetle bites you.
You die...

...........## #.#
............### #.#
.....####.#...### #.#
.....##...###...####.##
......>.## ###.......#
##...##.# ######..##
###.##.##### ###.....###
####........####...###...##
................@........>..
#####...##......B###########
#...#####........# #.###
####.#..!.# #.# #..####..#
###.# #.# ..# #...## .. .#
.....## .## # ......# #.


You could see a bombardier beetle.

Vanquished Creatures
  A dart slug (D:1)
  4 ball pythons (D:1)
  3 endoplasms
  6 giant cockroaches (D:1)
  4 jackals (D:1)
  4 quokkas
  3 bats (D:1)
  2 frilled lizards
  A goblin (D:1)
  2 kobolds (D:1)
  2 rats
32 creatures vanquished.

Notes
Turn   | Place    | Note
-------+----------+-------------------------------------------
     0 | D:1      | IdlyInterested the Demonspawn Brigand began the quest for
                  | the Orb.
     0 | D:1      | Reached XP level 1. HP: 16/16 MP: 1/1
    62 | D:1      | Reached skill level 1 in Dodging
   120 | D:1      | Reached skill level 1 in Armour
   120 | D:1      | Gained mutation: You are partially covered in thin metallic
                  | scales. (AC +2) [demonic ancestry]
   120 | D:1      | Reached XP level 2. HP: 20/22 MP: 2/2
   547 | D:1      | Reached XP level 3. HP: 27/27 MP: 3/3
   795 | D:2      | Identified the +0 buckler "Jaubac" {Rampage rCorr Str-3}
  1024 | D:2      | Slain by a bombardier beetle

Illustrated notes

Levels and vault maps discovered:
D:1:      scummos_arrival_gate, layout_basic
D:2:      layout_rooms

Skill      XL: |  1  2  3 |
---------------+----------+-----
Dodging        | 1 |  1.0
Short Blades   | 2 3 |  3.1
Armour         | 1 |  1.0
Fighting       | |  2.0
Throwing       | |  1.7
Stealth        | |  3.6

Action                     || total
---------------------------++-------
  Melee: Dagger            ||   123
  Throw: Dart              ||     1
    Use: Potion            ||     1
   Stab: Sleeping          ||     5
 Armour: Robe              ||    10
         Ring mail         ||    69
         Scale mail        ||    10
  Dodge: Dodged            ||    75
  Block: Buckler           ||     1

Table legend: (Time is in decaauts)
 A = Elapsed time spent in this place.
 B = Non-inter-level travel time spent in this place.
 C = Inter-level travel time spent in this place.
 D = Time resting spent in this place.
 E = Time spent auto-exploring this place.
 F = Levels seen in this place.
 G = Mean time per level.
                   A        B        C        D        E       F      G
               +--------+--------+--------+--------+--------+-----+--------+
         Total |   1007 |   1007 |      0 |     33 |    590 |   2 |  503.5 |
       Dungeon |   1007 |   1007 |      0 |     33 |    590 |   2 |  503.5 |
               +--------+--------+--------+--------+--------+-----+--------+

Top non-repeatable levels by time:
     D:1: 683 daAuts
     D:2: 323 daAuts
